[Event "December 19 Early 2023"]
[Site "https://www.chess.com"]
[Date "2023.12.19"]
[Round "3"]
[White "Movahed, Sina"]
[Black "Cristobal, Manuel"]
[Result "0-1"]
[Board "24"]
[TimeControl "180+1"]
[WhiteFideId "42520835"]
[BlackFideId "112879"]
[WhiteElo "2341"]
[BlackElo "2244"]
[WhiteTeam "IRI"]
[BlackTeam "ARG"]
[WhiteClock "0:00:11"]
[BlackClock "0:01:15"]

1. e4 Nc6 2. Nf3 d5 3. exd5 Qxd5 4. Nc3 Qh5 5. Nb5 Kd8 6. d4 Bg4 7. Bf4 a6 8. d5 Bxf3 9. gxf3 Ne5 10. Nd4 Nf6 11. Be2 Ng6 12. Bg3 Qxd5 13. c4 Qd7 14. Qc2 e5 15. Nf5 Bb4+ 16. Kf1 Kc8 17. Rd1 Qe6 18. c5 Nf4 19. Bc4 Qe8 20. a3 Bxc5 21. Bxf4 exf4 22. b4 Bf8 23. Kg2 g6 24. Rhe1 Qc6 25. Nd4 Qb6 26. Bxf7 Bd6 27. Re6 Nd5 28. Re2 Ne7 29. a4 Nc6 30. Be6+ Kb8 31. Nxc6+ Qxc6 32. Qb3 b5 33. Bd5 Qd7 34. Bxa8 Kxa8 35. axb5 Qxb5 36. Ra2 Rb8 37. Qc2 Rb6 38. Qe4+ Ka7 39. Rd5 Qxb4 40. Qd3 Kb7 41. Rda5 Qb3 42. Qe4+ c6 43. Qe2 Rb5 44. Rxa6 Rg5+ 45. Kh3 Rh5+ 46. Kg4 Rg5+ 47. Kxg5 Qd5+ 48. Kh6 Bf8+ 49. Kxh7 Qf7+ 50. Kh8 Qg7# 0-1

[Event "December 19 Early 2023"]
[Site "https://www.chess.com"]
[Date "2023.12.19"]
[Round "3"]
[White "Rozman, Levy"]
[Black "Liascovich, Lucas"]
[Result "0-1"]
[Board "25"]
[TimeControl "180+1"]
[WhiteFideId "2039877"]
[BlackFideId "108634"]
[WhiteElo "2376"]
[BlackElo "2455"]
[WhiteTeam "USA"]
[BlackTeam "ARG"]
[WhiteClock "0:00:00"]
[BlackClock "0:01:02"]

1. d4 d5 2. Bg5 c6 3. Nc3 f6 4. Bh4 Nh6 5. e4 dxe4 6. Nxe4 Nf5 7. Bg3 Nxg3 8. hxg3 Bf5 9. Qf3 Bg6 10. O-O-O Qd5 11. Bd3 Bf7 12. c4 Qa5 13. Nc3 Na6 14. Nge2 O-O-O 15. a3 Kb8 16. d5 cxd5 17. cxd5 h5 18. Bc2 Nc5 19. Kb1 Qb6 20. Nf4 g5 21. Ng6 Bxg6 22. Bxg6 f5 23. Qxf5 Bg7 24. Qc2 Bxc3 25. d6 Bf6 26. dxe7 Bxe7 27. Rxd8+ Rxd8 28. Bxh5 Bf6 29. Re1 Nd3 0-1

[Event "December 19 Early 2023"]
[Site "https://www.chess.com"]
[Date "2023.12.19"]
[Round "3"]
[White "Sahib Singh"]
[Black "Grandelius, Nils"]
[Result "1-0"]
[Board "26"]
[TimeControl "180+1"]
[WhiteFideId "25618342"]
[BlackFideId "1710400"]
[WhiteElo "2130"]
[BlackElo "2573"]
[WhiteTeam "IND"]
[BlackTeam "SWE"]
[WhiteClock "0:00:07"]
[BlackClock "0:00:12"]

1. e4 e6 2. d4 d5 3. Nd2 e5 4. exd5 exd4 5. Ngf3 Nf6 6. Bb5+ Bd7 7. Qe2+ Be7 8. Nxd4 O-O 9. Bxd7 Qxd7 10. c4 c6 11. dxc6 Nxc6 12. Nxc6 Qxc6 13. O-O Rfe8 14. Qf3 Qa6 15. b3 Rad8 16. Qc3 Ng4 17. Qg3 Qg6 18. h3 Ne5 19. Qxg6 hxg6 20. Ne4 f5 21. Nc3 Bf6 22. Rb1 Nf3+ 23. gxf3 Bxc3 24. Be3 Bd4 25. Bg5 Rc8 26. Rfe1 Kf7 27. Rxe8 Rxe8 28. Rd1 Bc5 29. Kf1 Ke6 30. Re1+ Kd7 31. Rxe8 Kxe8 32. Be3 b6 33. Bxc5 bxc5 34. f4 Ke7 35. Ke2 Kf6 36. h4 Ke6 37. Kd3 Kd6 38. Kc3 a5 39. a3 Kc6 40. b4 a4 41. bxc5 Kxc5 42. Kd3 1-0

[Event "December 19 Early 2023"]
[Site "https://www.chess.com"]
[Date "2023.12.19"]
[Round "3"]
[White "Svane, Frederik"]
[Black "Piesik, Piotr"]
[Result "1-0"]
[Board "27"]
[TimeControl "180+1"]
[WhiteFideId "12923044"]
[BlackFideId "1136194"]
[WhiteElo "2502"]
[BlackElo "2319"]
[WhiteTeam "GER"]
[BlackTeam "CZE"]
[WhiteClock "0:01:35"]
[BlackClock "0:01:27"]

1. c4 e6 2. Nc3 d5 3. d4 Nf6 4. cxd5 exd5 5. Nf3 c6 6. Bg5 Be7 7. e3 h6 8. Bh4 O-O 9. Bd3 Ne8 10. Bg3 Nd6 11. O-O Re8 12. Qc2 Be6 13. Ne5 Nd7 14. f4 f5 15. Kh1 Nxe5 16. fxe5 Ne4 17. Nxe4 fxe4 18. Be2 Qd7 19. Qd2 Rf8 20. a4 a5 21. h3 Bb4 22. Qc2 Rxf1+ 23. Rxf1 Rf8 24. Rxf8+ Kxf8 25. Kh2 g5 26. Qc1 Qf7 27. Be1 Qe7 28. Bxb4 Qxb4 29. Qf1+ Ke7 30. Qf6+ Kd7 31. Qg7+ Kc8 32. Qxh6 Bd7 33. Qxg5 Qxb2 34. Qg8+ Kc7 35. Qf7 Qxe2 36. e6 Qxe3 37. Qxd7+ Kb6 38. Qd6 1-0

[Event "December 19 Early 2023"]
[Site "https://www.chess.com"]
[Date "2023.12.19"]
[Round "3"]
[White "Puzzlebot_1294"]
[Black "Galchenko, Matvey"]
[Result "0-1"]
[Board "28"]
[TimeControl "180+1"]
[BlackFideId "24175480"]
[WhiteElo "2661"]
[BlackElo "2424"]
[BlackTeam "FID"]
[WhiteClock "0:00:00"]
[BlackClock "0:00:13"]

1. d4 Nf6 2. Bf4 c5 3. e3 d5 4. Nf3 Nc6 5. c3 Qb6 6. Qc2 g6 7. Nbd2 Bg7 8. h3 O-O 9. Be2 Bf5 10. dxc5 Qxc5 11. Qb3 Na5 12. Qd1 Qb6 13. b4 Nc6 14. b5 Na5 15. Be5 Rfd8 16. Bd4 Qc7 17. Be5 Qc8 18. Qa4 b6 19. O-O Nd7 20. Bxg7 Kxg7 21. Qd4+ f6 22. Nb3 e5 23. Qb4 Nb7 24. Nh4 Ndc5 25. Nxf5+ Qxf5 26. Rad1 h5 27. Bf3 Qe6 28. Rd2 Rd7 29. Rfd1 Rad8 30. Nc1 Na5 31. Be2 Rc8 32. f3 Rcd8 33. Nb3 Naxb3 34. axb3 Qf5 35. Bf1 Qg5 36. Re1 Qg3 37. Red1 Qg5 38. Re1 Ne6 39. Qa3 d4 40. cxd4 Nxd4 41. Rf2 Nf5 42. f4 Qg3 43. fxe5 fxe5 44. Qc1 Rf8 45. Rf3 Qg5 46. Bc4 Nh4 47. Rf2 Rxf2 0-1

[Event "December 19 Early 2023"]
[Site "https://www.chess.com"]
[Date "2023.12.19"]
[Round "3"]
[White "Ter-Sahakyan, Samvel"]
[Black "Zemach, Roee"]
[Result "1-0"]
[Board "29"]
[TimeControl "180+1"]
[WhiteFideId "13302531"]
[BlackFideId "2818531"]
[WhiteElo "2556"]
[BlackElo "2227"]
[WhiteTeam "ARM"]
[BlackTeam "ISR"]
[WhiteClock "0:00:17"]
[BlackClock "0:00:12"]

1. d4 d5 2. c4 e6 3. Nf3 a6 4. Bg5 Be7 5. h4 h6 6. Bxe7 Qxe7 7. Nbd2 Nf6 8. g3 O-O 9. Bg2 b6 10. O-O Bb7 11. Rc1 Rc8 12. cxd5 exd5 13. e3 Nbd7 14. Nb1 c5 15. Nc3 Rd8 16. Re1 Rac8 17. Re2 Ne4 18. Rec2 Ndf6 19. Ne5 Nxc3 20. Rxc3 c4 21. g4 b5 22. g5 hxg5 23. hxg5 Ne4 24. Bxe4 dxe4 25. Qh5 g6 26. Qh4 Rd5 27. Kg2 Rxe5 28. dxe5 Qxe5 29. Rd1 Qf5 30. Qf4 Qxf4 31. exf4 e3+ 32. Kg3 exf2 33. Kxf2 Be4 34. Rd4 Bf5 35. b3 Be6 36. Rc1 Rc5 37. Ke3 a5 38. bxc4 Bxc4 39. a4 Rf5 40. axb5 Bxb5 41. Rc8+ Kg7 42. Rdd8 1-0

[Event "December 19 Early 2023"]
[Site "https://www.chess.com"]
[Date "2023.12.19"]
[Round "3"]
[White "Baskakov, Egor"]
[Black "Munkhgal, Gombosuren"]
[Result "1-0"]
[Board "30"]
[TimeControl "180+1"]
[WhiteFideId "24197866"]
[BlackFideId "4901266"]
[WhiteElo "2225"]
[BlackElo "2519"]
[WhiteTeam "RUS"]
[BlackTeam "MGL"]
[WhiteClock "0:00:34"]
[BlackClock "0:00:00"]

1. e4 e6 2. Nc3 d5 3. g3 Nf6 4. Bg2 d4 5. Nce2 e5 6. d3 c5 7. h3 Nc6 8. f4 Bd6 9. Nf3 Qc7 10. O-O Bd7 11. fxe5 Nxe5 12. Nxe5 Bxe5 13. Bf4 O-O 14. Qd2 Rfe8 15. g4 c4 16. Ng3 c3 17. bxc3 dxc3 18. Qc1 Bxf4 19. Rxf4 Be6 20. Qe3 Qb6 21. Qxb6 axb6 22. e5 Nd5 23. Re4 Ra3 24. Ne2 Rea8 25. Kf2 g5 26. Rc4 Rxa2 27. Rxa2 Rxa2 28. Bxd5 Bxd5 29. Rxc3 Bc6 30. Nd4 Bd7 31. Rc7 Be6 32. Nxe6 fxe6 33. Ke3 Ra5 34. Ke4 Ra4+ 35. d4 Ra3 36. Re7 Rxh3 37. Rxe6 Kf7 38. Rxb6 Rg3 39. Kf5 h6 40. Rxb7+ Ke8 41. Ke6 Kd8 42. d5 Rxg4 43. d6 Kc8 44. Rc7+ Kb8 45. c4 Rf4 46. c5 g4 47. c6 g3 48. Rb7+ Ka8 49. Rg7 Rf8 50. Kd7 h5 51. Rxg3 h4 52. Rh3 1-0

[Event "December 19 Early 2023"]
[Site "https://www.chess.com"]
[Date "2023.12.19"]
[Round "3"]
[White "Fromm, Marius"]
[Black "Shevchenko, Kirill"]
[Result "0-1"]
[Board "31"]
[TimeControl "180+1"]
[WhiteFideId "12993190"]
[BlackFideId "14129574"]
[WhiteElo "2335"]
[BlackElo "2603"]
[WhiteTeam "GER"]
[BlackTeam "ROU"]
[WhiteClock "0:00:00"]
[BlackClock "0:00:06"]

1. e4 c5 2. Nf3 Nc6 3. Bb5 Nf6 4. d3 Qa5+ 5. Nc3 Nd4 6. Bc4 b5 7. Bb3 d6 8. Bd2 Bg4 9. Ne2 Qb6 10. Nfxd4 cxd4 11. O-O e5 12. a4 bxa4 13. Bxa4+ Bd7 14. c3 dxc3 15. Nxc3 Qb7 16. Bg5 Be7 17. Bxf6 Bxf6 18. Nd5 Bd8 19. Qg4 g6 20. b4 Bxa4 21. Rxa4 O-O 22. g3 f5 23. Qe2 Bb6 24. Kg2 Bd4 25. Ra2 Rf7 26. f3 Raf8 27. Rc2 g5 28. g4 fxg4 29. f4 exf4 30. Qxg4 f3+ 31. Kh1 f2 32. Qxg5+ Rg7 0-1

[Event "December 19 Early 2023"]
[Site "https://www.chess.com"]
[Date "2023.12.19"]
[Round "3"]
[White "Chigaev, Maksim"]
[Black "Smirnov, Alexandr A."]
[Result "1-0"]
[Board "32"]
[TimeControl "180+1"]
[WhiteFideId "4108116"]
[BlackFideId "24104396"]
[WhiteElo "2561"]
[BlackElo "2152"]
[WhiteTeam "ESP"]
[BlackTeam "RUS"]
[WhiteClock "0:00:11"]
[BlackClock "0:00:00"]

1. e4 c5 2. Nf3 d6 3. Bb5+ Nd7 4. d4 cxd4 5. Qxd4 a6 6. Be2 Ngf6 7. O-O e6 8. a4 Qb6 9. Qxb6 Nxb6 10. Nbd2 Be7 11. b3 d5 12. a5 dxe4 13. axb6 exf3 14. Bxf3 Nd5 15. Nc4 Bc5 16. Ra5 Bb4 17. Ra4 Bd7 18. Rxb4 Nxb4 19. Bxb7 Rb8 20. Bf4 Rxb7 21. Nd6+ Ke7 22. Nxb7 Nxc2 23. Bd6+ Kf6 24. Nc5 Bc6 25. b7 Bxb7 26. Nxb7 Nd4 27. b4 Rc8 28. Bc5 Nb3 29. g3 a5 30. bxa5 Nxa5 31. Bd4+ e5 32. Bxe5+ Kxe5 33. Nxa5 h5 34. h4 Kf5 35. Nb3 Rc4 36. Kg2 g6 37. Rc1 Rb4 38. Rc5+ Kf6 39. Nd2 Ra4 40. Nf3 Ra7 41. Rc6+ Kg7 42. Ng5 Rb7 43. Rd6 Ra7 44. Rb6 Rc7 45. Nf3 Ra7 46. Ne5 Rc7 47. Rd6 Rc5 48. Nf3 Rc7 49. Rd5 Rb7 50. Ne5 Re7 51. f4 Re8 52. Rd7 Rf8 53. Kf3 Kg8 54. f5 gxf5 55. Kf4 f6 56. Ng6 Ra8 57. Kxf5 Ra5+ 58. Ke6 Ra6+ 59. Rd6 Ra3 60. Kxf6 Rf3+ 61. Kg5 Rxg3+ 62. Kxh5 Rg1 63. Ne7+ Kf7 64. Nf5 Rf1 65. Kg4 Rg1+ 66. Ng3 Rf1 67. Nxf1 1-0

[Event "December 19 Early 2023"]
[Site "https://www.chess.com"]
[Date "2023.12.19"]
[Round "3"]
[White "Skliarov, Viktor"]
[Black "Rasulov, Vugar"]
[Result "0-1"]
[Board "33"]
[TimeControl "180+1"]
[WhiteFideId "14106736"]
[BlackFideId "13402390"]
[WhiteElo "2301"]
[BlackElo "2517"]
[WhiteTeam "UKR"]
[BlackTeam "AZE"]
[WhiteClock "0:00:00"]
[BlackClock "0:01:38"]

1. e4 e5 2. Nc3 Nf6 3. Bc4 Nc6 4. d3 Na5 5. Nge2 c6 6. O-O Be7 7. Ng3 d6 8. Bb3 O-O 9. f4 exf4 10. Bxf4 Nxb3 11. axb3 d5 12. e5 Ne8 13. d4 Nc7 14. Be3 Bg5 15. Qd2 h6 16. Bxg5 Qxg5 17. Qxg5 hxg5 18. Na4 b6 19. Rf2 Bd7 20. Rd1 f5 21. exf6 Rxf6 22. Rxf6 gxf6 23. Kf2 Kf7 24. Nc3 Kg6 25. h3 Ne6 26. Nb1 f5 27. c3 f4 28. Ne2 Rf8 29. Nd2 g4 30. hxg4 Ng5 31. Nf3 Ne4+ 32. Ke1 Bxg4 33. Ne5+ Kg5 34. Nxc6 Rh8 0-1

[Event "December 19 Early 2023"]
[Site "https://www.chess.com"]
[Date "2023.12.19"]
[Round "3"]
[White "Steinberg, Nitzan"]
[Black "Masague Artero, Guerau"]
[Result "1-0"]
[Board "34"]
[TimeControl "180+1"]
[WhiteFideId "2801795"]
[BlackFideId "32098952"]
[WhiteElo "2486"]
[BlackElo "2253"]
[WhiteTeam "ISR"]
[BlackTeam "ESP"]
[WhiteClock "0:00:01"]
[BlackClock "0:00:03"]

1. e4 Nc6 2. Nf3 d6 3. d4 Nf6 4. Nc3 g6 5. Bb5 a6 6. Bxc6+ bxc6 7. h3 Bg7 8. O-O O-O 9. Re1 Rb8 10. b3 c5 11. e5 Nd7 12. Bg5 h6 13. Bh4 g5 14. Bg3 cxd4 15. Nxd4 Bb7 16. Nf5 Nxe5 17. Qh5 e6 18. Nxh6+ Bxh6 19. Qxh6 Ng6 20. Ne4 Bxe4 21. Rxe4 Qf6 22. Rae1 Rb5 23. Rg4 Qg7 24. Qh5 Qh7 25. Qxh7+ Kxh7 26. Ra4 a5 27. c4 Rf5 28. f3 Rb8 29. Rc1 Rb4 30. Rxb4 axb4 31. c5 dxc5 32. Bxc7 Nf4 33. Kf1 Rd5 34. Bxf4 gxf4 35. Ke2 Kg6 36. Rd1 Rd4 37. Rc1 Rd5 38. Rc4 e5 39. Rc1 Kg5 40. Rd1 Kh4 41. Rxd5 1-0

[Event "December 19 Early 2023"]
[Site "https://www.chess.com"]
[Date "2023.12.19"]
[Round "3"]
[White "Iskusnyh, Sergei"]
[Black "Zakhartsov, Vladimir"]
[Result "0-1"]
[Board "35"]
[TimeControl "180+1"]
[WhiteFideId "4120027"]
[BlackFideId "4145097"]
[WhiteElo "2455"]
[BlackElo "2448"]
[WhiteTeam "RUS"]
[BlackTeam "RUS"]
[WhiteClock "0:00:51"]
[BlackClock "0:01:17"]

1. d4 Nf6 2. c4 e6 3. g3 d5 4. Bg2 Bb4+ 5. Nd2 O-O 6. Nf3 dxc4 7. Qc2 c5 8. dxc5 c3 9. bxc3 Bxc5 10. O-O Nc6 11. Nb3 Be7 12. Nfd4 Bd7 13. Nxc6 Bxc6 14. Bxc6 bxc6 15. c4 Nd7 16. Be3 Qc7 17. Rad1 Nb6 18. Rd3 Rfd8 19. Rfd1 Rxd3 20. Rxd3 h6 21. Kg2 Rc8 22. h4 Qb7 23. Kg1 Qa6 24. Bxb6 axb6 25. Rd7 Bf6 26. c5 b5 27. Nd2 Ra8 28. Ne4 Qxa2 29. Nxf6+ gxf6 30. Qe4 Qc4 31. Qxc6 Ra1+ 32. Kg2 Qxe2 33. Qf3 Rg1+ 0-1

[Event "December 19 Early 2023"]
[Site "https://www.chess.com"]
[Date "2023.12.19"]
[Round "3"]
[White "Mitrabha, Guha"]
[Black "Al-Tarboush, Ward"]
[Result "1-0"]
[Board "36"]
[TimeControl "180+1"]
[WhiteFideId "5057000"]
[BlackFideId "7601450"]
[WhiteElo "2512"]
[BlackElo "2278"]
[WhiteTeam "IND"]
[BlackTeam "NOR"]
[WhiteClock "0:01:37"]
[BlackClock "0:00:00"]

1. Nf3 Nf6 2. d4 b6 3. Bg5 Bb7 4. Bxf6 exf6 5. Nbd2 f5 6. g3 Be7 7. Bg2 O-O 8. O-O g6 9. e3 d6 10. c4 Bf6 11. Ne1 c6 12. Rb1 Nd7 13. Nd3 Qc7 14. b4 Rae8 15. Nf4 Bg5 16. Nd3 Bh6 17. a4 Nf6 18. b5 c5 19. Bxb7 Qxb7 20. Qf3 Ne4 21. Nb3 Qc8 22. a5 cxd4 23. Nxd4 Nd2 24. Qd5 Nxf1 25. Rxf1 Bg7 26. Nc6 bxa5 27. Nxa7 Qa8 28. Nc6 a4 29. Ndb4 a3 30. Qd2 Qa4 31. Qa2 Bc3 32. Nd5 Bb2 33. Rb1 h5 34. Rxb2 axb2 35. Qxb2 Ra8 36. Nf6+ Kh8 37. Nd7+ f6 38. Nxf8 Rxf8 39. Qd4 Qa3 40. Kg2 Ra8 41. Qxf6+ Kh7 42. Ne7 1-0

[Event "December 19 Early 2023"]
[Site "https://www.chess.com"]
[Date "2023.12.19"]
[Round "3"]
[White "Taboas Rodriguez, Daniel"]
[Black "Kamsky, Gata"]
[Result "1/2-1/2"]
[Board "37"]
[TimeControl "180+1"]
[WhiteFideId "2208466"]
[BlackFideId "2000024"]
[WhiteElo "2365"]
[BlackElo "2660"]
[WhiteTeam "ESP"]
[BlackTeam "USA"]
[WhiteClock "0:00:36"]
[BlackClock "0:00:18"]

1. d4 f5 2. Bg5 g6 3. Nd2 Bg7 4. e4 fxe4 5. Nxe4 d5 6. Nc5 b6 7. Nb3 Nh6 8. Nf3 Nf7 9. Bf4 c5 10. c3 c4 11. Nbd2 Nc6 12. Be2 O-O 13. O-O b5 14. a3 a5 15. Re1 Bf5 16. h3 b4 17. axb4 axb4 18. Nf1 b3 19. Ne3 e6 20. Qd2 Qd7 21. Nxf5 exf5 22. Ng5 Nd6 23. Bxd6 Qxd6 24. Rxa8 Rxa8 25. Bf3 Bh6 26. h4 Rd8 27. Qe2 Bxg5 28. hxg5 Kf7 29. g3 Qe7 30. Qd2 Qd6 31. Kg2 Kg7 32. Qe3 Rd7 33. Qe8 Rd8 34. Qe3 Rd7 35. Qe8 Rd8 36. Qe6 Rd7 37. Qe3 Re7 38. Qd2 Rxe1 39. Qxe1 Qe7 40. Qd2 Qd6 41. Qe3 Ne7 42. Kf1 Kf7 43. Ke2 Nc8 44. Bg2 Nb6 45. f4 Qe7 46. Qxe7+ Kxe7 47. Kd2 Kd6 48. Bf3 Na4 49. Kc1 Nb6 50. Kd2 Nc8 51. Be2 Ke6 52. Bf3 Nd6 53. Ke3 Ne4 54. Bxe4 fxe4 55. g4 Kf7 56. Kf2 Kg7 57. Kg3 h6 58. Kf2 hxg5 59. fxg5 Kf7 60. Ke3 Ke6 61. Kf2 Kd6 62. Ke3 Ke6 63. Kd2 Kd6 64. Ke3 Ke6 1/2-1/2

[Event "December 19 Early 2023"]
[Site "https://www.chess.com"]
[Date "2023.12.19"]
[Round "3"]
[White "Truskavetsky, Alexandr"]
[Black "Jumabayev, Rinat"]
[Result "1-0"]
[Board "38"]
[TimeControl "180+1"]
[WhiteFideId "14108577"]
[BlackFideId "13702661"]
[WhiteElo "2210"]
[BlackElo "2561"]
[WhiteTeam "RUS"]
[BlackTeam "KAZ"]
[WhiteClock "0:01:25"]
[BlackClock "0:00:00"]

1. d4 Nf6 2. c4 e6 3. Nc3 Bb4 4. e3 O-O 5. Bd3 c5 6. Ne2 b6 7. O-O Bb7 8. Qc2 d5 9. cxd5 exd5 10. dxc5 bxc5 11. a3 Ba5 12. Rd1 Nbd7 13. Nf4 Rc8 14. Ncxd5 Nxd5 15. Nxd5 Qg5 16. e4 Qh4 17. g3 Qh3 18. Ne7+ Kh8 19. Nxc8 Ne5 20. Be2 Rxc8 21. Bf4 Ng4 22. Bxg4 Qxg4 23. Rd5 Bxd5 24. exd5 c4 25. d6 Bb6 26. Rd1 h6 27. Kg2 Qe6 28. Qc3 Kg8 29. Re1 Qd5+ 30. Qf3 Qf5 31. Re5 Qf6 32. d7 Rd8 33. Re8+ Kh7 34. Qe4+ g6 35. Be5 Qf4 36. Qxf4 1-0

[Event "December 19 Early 2023"]
[Site "https://www.chess.com"]
[Date "2023.12.19"]
[Round "3"]
[White "Harutjunyan, Gevorg"]
[Black "Parpiev, Isaak"]
[Result "0-1"]
[Board "39"]
[TimeControl "180+1"]
[WhiteFideId "13300873"]
[BlackFideId "34281576"]
[WhiteElo "2436"]
[BlackElo "2183"]
[WhiteTeam "ARM"]
[BlackTeam "RUS"]
[WhiteClock "0:01:02"]
[BlackClock "0:01:58"]

1. e4 e5 2. Nf3 Nc6 3. d4 exd4 4. Nxd4 Nf6 5. Nxc6 bxc6 6. Bd3 d5 7. exd5 cxd5 8. O-O Be7 9. c4 d4 10. Nd2 O-O 11. Nf3 c5 12. Re1 Bb7 13. Bf4 h6 14. Ne5 Bd6 15. Bg3 Qc7 16. Ng4 Nxg4 17. Qxg4 Bxg3 18. hxg3 Rae8 19. Re2 Rxe2 20. Qxe2 Qc6 21. f3 Re8 22. Be4 Qg6 23. Re1 Bxe4 24. fxe4 Qxg3 25. Qf2 Qe5 26. b3 f5 27. Rf1 fxe4 28. Qf7+ Kh8 29. Qxa7 e3 30. Qd7 e2 31. Re1 Qe3+ 32. Kh2 d3 0-1

[Event "December 19 Early 2023"]
[Site "https://www.chess.com"]
[Date "2023.12.19"]
[Round "3"]
[White "Ashraf, Artin"]
[Black "Szalay, Karoly"]
[Result "0-1"]
[Board "40"]
[TimeControl "180+1"]
[WhiteFideId "22514805"]
[BlackFideId "2600544"]
[WhiteElo "2268"]
[BlackElo "2586"]
[WhiteTeam "IRI"]
[BlackTeam "CAN"]
[WhiteClock "0:01:10"]
[BlackClock "0:01:17"]

1. e4 e5 2. Nf3 Nc6 3. Bb5 a6 4. Ba4 Nf6 5. O-O b5 6. Bb3 Bc5 7. d3 d6 8. a4 Bb7 9. Bd2 O-O 10. Nc3 b4 11. Nd5 h6 12. a5 Rb8 13. h3 Nxd5 14. Bxd5 Ne7 15. Bc4 Kh7 16. Be3 Bxe3 17. fxe3 f5 18. exf5 Nxf5 19. Qe1 d5 20. Bb3 Qe7 21. d4 exd4 22. exd4 Qd6 23. c3 bxc3 24. Qxc3 Ng3 25. Bc2+ Kg8 26. Rfe1 Ne4 27. Qe3 Bc6 28. Ne5 Rxb2 29. Bxe4 dxe4 30. Qc3 Rff2 31. Qxc6 Rxg2+ 32. Kh1 Rh2+ 33. Kg1 Qxd4+ 0-1

[Event "December 19 Early 2023"]
[Site "https://www.chess.com"]
[Date "2023.12.19"]
[Round "3"]
[White "Yeletsky, Ivan"]
[Black "Stepanencu, Nicodim-Cosmin"]
[Result "0-1"]
[Board "41"]
[TimeControl "180+1"]
[WhiteFideId "24180327"]
[BlackFideId "1256220"]
[WhiteElo "2379"]
[BlackElo "2154"]
[WhiteTeam "RUS"]
[BlackTeam "ROU"]
[WhiteClock "0:00:07"]
[BlackClock "0:00:03"]

1. e4 e6 2. Qe2 c5 3. d3 Nc6 4. g3 g6 5. Nf3 Bg7 6. Bg5 Qa5+ 7. c3 Nd4 8. Qd1 Nxf3+ 9. Qxf3 c4 10. h4 Qb6 11. Bc1 cxd3 12. h5 Ne7 13. Bxd3 d5 14. Qe2 dxe4 15. Bxe4 Bd7 16. Nd2 Bb5 17. Nc4 Bxc4 18. Qxc4 O-O 19. hxg6 hxg6 20. Qf1 Rfd8 21. Qh3 Nf5 22. g4 Qd6 23. Kf1 Ne7 24. Bg5 Kf8 25. Kg2 Qe5 26. Qe3 Nd5 27. Qc5+ Kg8 28. Bxd8 Nf4+ 29. Kf3 Qxc5 30. Rae1 Rxd8 31. Kxf4 Qxf2+ 32. Bf3 Rd3 0-1

[Event "December 19 Early 2023"]
[Site "https://www.chess.com"]
[Date "2023.12.19"]
[Round "3"]
[White "Livaic, Leon"]
[Black "Farahat, Ali"]
[Result "1-0"]
[Board "42"]
[TimeControl "180+1"]
[WhiteFideId "14531534"]
[BlackFideId "10600507"]
[WhiteElo "2541"]
[BlackElo "2254"]
[WhiteTeam "CRO"]
[BlackTeam "USA"]
[WhiteClock "0:00:50"]
[BlackClock "0:00:00"]

1. d4 d5 2. c4 c6 3. cxd5 cxd5 4. Bf4 Nf6 5. e3 Nc6 6. Nc3 Bf5 7. Qb3 Na5 8. Qa4+ Bd7 9. Qc2 e6 10. Bd3 Rc8 11. Nf3 Be7 12. h3 O-O 13. O-O b5 14. a3 Bc6 15. Ne5 a6 16. Qe2 Bb7 17. Rac1 Nc4 18. a4 Qa5 19. axb5 axb5 20. Ra1 Qb4 21. Ra7 Ba8 22. Na2 Qb3 23. Bc2 Qxb2 24. Nxc4 Qxc2 25. Qxc2 Rxc4 26. Qb3 1-0

[Event "December 19 Early 2023"]
[Site "https://www.chess.com"]
[Date "2023.12.19"]
[Round "3"]
[White "Kashefi, Amir Hosein"]
[Black "Popov, Konstantin"]
[Result "0-1"]
[Board "43"]
[TimeControl "180+1"]
[WhiteFideId "12557935"]
[BlackFideId "34137910"]
[WhiteElo "2109"]
[BlackElo "2340"]
[WhiteTeam "IRI"]
[BlackTeam "FID"]
[WhiteClock "0:00:03"]
[BlackClock "0:01:47"]

1. Nf3 Nf6 2. g3 d5 3. Bg2 c6 4. O-O Bg4 5. d3 Nbd7 6. Nc3 e5 7. e4 Bd6 8. Bg5 d4 9. Ne2 h6 10. Bxf6 Qxf6 11. Nd2 O-O 12. a4 Bc7 13. f3 Bh5 14. Qe1 Qe7 15. g4 Bg6 16. h4 b5 17. axb5 cxb5 18. Ra6 Nc5 19. Ra2 a5 20. h5 Bh7 21. Ng3 Kh8 22. Nb1 a4 23. Nd2 Rac8 24. Ne2 Qg5 25. b3 Ba5 26. f4 exf4 27. Rxf4 Ne6 28. b4 Bxb4 29. c3 Bxc3 30. Nxc3 dxc3 31. Rf5 cxd2 32. Qxd2 Qxd2 33. Rxd2 Bxf5 34. gxf5 Nd4 35. e5 a3 36. Be4 b4 37. Bd5 b3 38. Kf2 b2 39. Ba2 Rc1 40. Ke3 Ra1 41. Kxd4 Rxa2 42. Rc2 b1=Q 43. Rc1 Qxc1 44. Kd5 Rd8+ 45. Ke4 Re2+ 46. Kf3 Qe3+ 47. Kg4 Rd4# 0-1

[Event "December 19 Early 2023"]
[Site "https://www.chess.com"]
[Date "2023.12.19"]
[Round "3"]
[White "Smolka, Marcin"]
[Black "Maksimovic, Bojan"]
[Result "0-1"]
[Board "44"]
[TimeControl "180+1"]
[WhiteFideId "1139681"]
[BlackFideId "14408120"]
[WhiteElo "2117"]
[BlackElo "2527"]
[WhiteTeam "POL"]
[BlackTeam "BIH"]
[WhiteClock "0:00:15"]
[BlackClock "0:00:22"]

1. e4 a6 2. d4 c6 3. Nc3 d5 4. Nf3 Bg4 5. h3 Bh5 6. Be2 e6 7. O-O Nf6 8. Qd3 Bg6 9. Bg5 dxe4 10. Nxe4 Bxe4 11. Qb3 Qc7 12. Rfe1 Nbd7 13. Bh4 Bd6 14. c4 O-O 15. Ng5 Bg6 16. c5 Be7 17. Nxe6 fxe6 18. Qxe6+ Rf7 19. Bc4 Bf8 20. Bg3 Qc8 21. f4 Nd5 22. Bxd5 cxd5 23. Qxd5 Nf6 24. Qb3 Qc6 25. Re5 Be4 26. Re1 Bxg2 27. Bh4 Bd5 28. Qg3 Kh8 29. Kh2 g6 30. f5 gxf5 31. Rxf5 Bg7 32. Bxf6 Bxf6 33. Qf4 Raf8 34. Rf1 Be6 35. Rxf6 Rxf6 36. Qe5 Bd5 0-1

[Event "December 19 Early 2023"]
[Site "https://www.chess.com"]
[Date "2023.12.19"]
[Round "3"]
[White "Kravtsiv, Martyn"]
[Black "Gong, Qianyun"]
[Result "1-0"]
[Board "45"]
[TimeControl "180+1"]
[WhiteFideId "14113147"]
[BlackFideId "8602425"]
[WhiteElo "2689"]
[BlackElo "2157"]
[WhiteTeam "UKR"]
[BlackTeam "SGP"]
[WhiteClock "0:00:05"]
[BlackClock "0:00:10"]

1. e4 e6 2. d4 d5 3. e5 c5 4. c3 Nc6 5. Nf3 Nge7 6. Na3 cxd4 7. cxd4 Nf5 8. Nc2 Qb6 9. Be2 Be7 10. h4 h5 11. g3 Bd7 12. O-O O-O-O 13. Rb1 Kb8 14. b4 f6 15. Bf4 Ka8 16. Bd3 Ncxd4 17. Nfxd4 Nxd4 18. Nxd4 Qxd4 19. exf6 gxf6 20. Be3 Qe5 21. b5 Rhg8 22. Re1 d4 23. Bd2 Rxg3+ 24. Kf1 Rxd3 25. Rxe5 fxe5 26. Qe2 e4 27. Bg5 Bxg5 28. hxg5 e5 29. Qxe4 Rh3 30. g6 d3 31. Kg2 Bg4 32. Qxe5 d2 33. g7 Rhd3 34. Qg5 Bf3+ 35. Kh2 d1=Q 36. Rxd1 Rxd1 37. g8=Q Rh1+ 38. Kg3 Rg1+ 39. Kxf3 Rxg8 40. Qxh5 Rf8+ 41. Ke2 Rgg8 42. f3 Re8+ 43. Kf2 Rh8 44. Qd5 Rd8 45. Qb3 Rh2+ 46. Kg3 Rdh8 47. Qe6 Rh1 48. a4 Rg1+ 49. Kf2 Rd1 50. Qe5 Rd2+ 51. Ke3 Rdd8 52. Kf2 Rhe8 53. Qc3 Rc8 54. Qb2 Rf8 55. Qd2 Rcd8 56. Qe3 Rde8 57. Qc5 Rc8 58. Qa3 Rc2+ 59. Ke3 Rcc8 60. f4 Rce8+ 61. Kf3 Rd8 62. Qb4 Rh8 63. f5 Rh3+ 64. Kg4 Rhd3 65. Qe7 R3d4+ 66. Kg5 R4d7 67. Qe6 Rd6 68. Qe7 R6d7 69. Qe2 Rd2 70. Qe1 Rg2+ 71. Kf6 Rf8+ 72. Ke7 Rxf5 73. Qe6 Rc5 74. Kd6 Rgc2 75. Qd7 Rc8 76. Ke6 Re2+ 77. Kf5 Rf2+ 78. Kg4 Rff8 79. Kg3 Rg8+ 80. Kf3 Rce8 81. a5 Rgf8+ 82. Kg3 Rg8+ 83. Kf3 Rd8 84. Qe7 Rge8 85. Qc7 Rf8+ 86. Kg3 Rc8 87. Qd7 Rcd8 88. Qc7 Rg8+ 89. Kf3 Rd3+ 90. Ke4 Rd1 91. a6 Re1+ 92. Kf3 bxa6 93. bxa6 Rb1 94. Qc6+ Kb8 95. Qd6+ Kc8 96. Qe6+ Kc7 97. Qxg8 Rf1+ 98. Ke2 Rf6 99. Qc4+ Rc6 100. Qb5 Rb6 101. Qc5+ Kb8 102. Qf8+ Kc7 103. Qe7+ Kb8 104. Qd8# 1-0